AoeStats
← christar123 ten

Arabia

509982054Analyzed
1v1 RM · 3d ago on Sep 28, 2026· 26m 1s· 2 players
Game mode
Random Map
Map size
Tiny (2 player)
Population
200
Speed
Normal
Resources
Standard
Victory
Conquest
Starting age
Dark Age
Ending age
Imperial Age
RankedLock teamsTeams togetherTeam positionsShared explorationLock speedFull tech treeHidden civsTurbo modeCheats
Victory
Defeat
🇦🇷 Mapuche · Argentina
2082
+17
🇬🇧 Danes · United Kingdom
2101
-17
XEVER | Dylan
5:52 Loom
8:47 Feudal Age
9:35 Double-Bit Axe
9:25 Champi Runner
14:31 Fletching
18:39 Padded Archer Armor
23:27 Castle Age
21:37 Horse Collar
23:23 Scale Mail Armor
24:08 Bodkin Arrow
23:33 Crossbowman
23:54 Crossbowman
christar123 ten
7:00 Loom
9:09 Feudal Age
9:18 Man-at-Arms
9:44 Double-Bit Axe
15:12 Fletching
17:46 Padded Archer Armor
24:48 Castle Age
23:22 Scale Barding Armor
23:31 Horse Collar
25:12 Light Cavalry
Connection lost

Rejoining the realm…

Still unreachable

The connection could not be restored.

Session expired

The server has moved on; the page needs a fresh start.